 Dungeon Crawl Stone Soup version 0.19.0-19-g8c6edcc (webtiles) character file.

334 lorenzova the Ruffian (level 6, -4/61 HPs)
             Began as a Troll Monk on Nov 12, 2016.
             Slain by an ogre
             ... wielding a +0 giant club
              (18 damage)
             ... on level 4 of the Dungeon.
             The game lasted 00:03:32 (2491 turns).

lorenzova the Ruffian (Troll Monk)                  Turns: 2491, Time: 00:03:34

Health: -4/61      AC:  6    Str: 20    XL:     6   Next: 27%
Magic:  5/5        EV: 12    Int:  6    God:
Gold:   115        SH:  0    Dex: 14    Spells: 0 memorised, 5 levels left

rFire  . . .     SeeInvis .       - Unarmed
rCold  . . .     Gourm    +     a - +0 robe
rNeg   . . .     Faith    .     (no shield)
rPois  .         Spirit   .     (helmet restricted)
rElec  .         Reflect  .     k - +0 cloak
rCorr  .         Harm     .     (gloves unavailable)
MR     .....                    (boots unavailable)
Stlth  +++.......               (no amulet)
                                (no ring)
                                r - ring of stealth

@: no status effects
A: unfitting armour, claws 3, fast metabolism 3, gourmand, regeneration 1,
shaggy fur 1, tough skin 2
a: no special abilities


You were on level 4 of the Dungeon.
You were not hungry.

You visited 2 branches of the dungeon, and saw 5 of its levels.

You collected 115 gold pieces.

Inventory:

Armour
 a - a +0 robe (worn)
 k - a +0 cloak (worn)
Jewellery
 r - a ring of stealth (left claw)
Scrolls
 c - 2 scrolls of fog {unknown}
 d - 6 scrolls of identify {unknown}
 e - a scroll of fear {unknown}
 f - 6 scrolls of enchant weapon {unknown}
 g - 4 scrolls of teleportation {unknown}
 h - a scroll of remove curse {unknown}
 j - a scroll of amnesia {unknown}
 m - 2 scrolls of recharging {unknown}
 p - a scroll of immolation {unknown}
Potions
 i - a potion of brilliance {unknown}
 n - a potion of degeneration {unknown}
Comestibles
 b - 5 bread rations
 l - a slice of pizza
 o - a meat ration
 q - a royal jelly


   Skills:
 + Level 3.2 Fighting
 * Level 4.2 Dodging
 - Level 1.0 Stealth
 * Level 5.0 Unarmed Combat


You had 5 spell levels left.
You didn't know any spells.

Dungeon Overview and Level Annotations

Branches:
Dungeon (4/15)             Temple (1/1) D:4

Altars:
Cheibriados
Dithmenos
Elyvilon
Fedhas
Gozag
Hepliaklqana
Nemelex Xobeh
Okawaru
Qazlal
Ru
Trog
Uskayaw
Vehumet
Xom
Zin
The Shining One


Innate Abilities, Weirdness & Mutations

You are too large for most types of armour.
You have claws for hands.
Your metabolism is lightning-fast.
You like to eat raw meat.
Your natural rate of healing is unusually fast.
You are covered in fur. (AC +1)
You have very tough skin. (AC +2)


Message History

You scratch the ogre.
The ogre is moderately wounded.
The ogre hits you with a giant club!!
You barely miss the ogre.
The ogre is moderately wounded.
The ogre hits you with a giant club!!
* * * LOW HITPOINT WARNING * * *
You are too injured to fight recklessly!
You claw the ogre!
The ogre is heavily wounded.
You barely miss the ogre.
The ogre is heavily wounded.
The ogre closely misses you.
You barely miss the ogre.
The ogre is heavily wounded.
The ogre closely misses you.
You scratch the ogre.
The ogre is severely wounded.
The ogre hits you with a giant club!!
You die...

#.........#......#
#.........#....#.#
#.....>..........#
#######..........#
#.÷.##..........#
+...............#
#.........._....#
#...............#
#..@##<.........#
###O##..........#
..##[.........#
....#.......††.#
#....#.........##
#....#........##
.....#........#
#....##...##†..#
######...#


You could see an ogre.

Vanquished Creatures
  Sigmund (D:2)
  An orc priest (D:3)
  A hound skeleton (D:4)
  Robin (D:2)
  5 adders
  3 worms
  A dart slug (D:1)
  3 leopard geckos
  12 orcs (D:3)
  5 bats
  6 giant cockroaches
  5 goblins
  8 hobgoblins
  7 jackals (D:1)
  4 kobolds
  A quokka (D:2)
  4 frilled lizards
  6 rats
74 creatures vanquished.

Vanquished Creatures (others)
  5 dream sheep (D:4)
5 creatures vanquished.

Grand Total: 79 creatures vanquished

Notes
Turn   | Place    | Note
-------+----------+-------------------------------------------
     0 | D:1      | lorenzova the Troll Monk began the quest for the Orb.
     0 | D:1      | Reached XP level 1. HP: 22/22 MP: 0/0
   108 | D:1      | Reached XP level 2. HP: 29/29 MP: 1/1
   396 | D:1      | Reached XP level 3. HP: 33/36 MP: 2/2
   690 | D:2      | Found a stormy altar of Qazlal.
   785 | D:2      | Noticed Robin
   800 | D:2      | Killed Robin
   800 | D:2      | Reached XP level 4. HP: 40/44 MP: 3/3
   822 | D:2      | Noticed Sigmund
   832 | D:2      | Killed Sigmund
   832 | D:2      | Reached skill level 4 in Unarmed Combat
   832 | D:2      | Reached XP level 5. HP: 17/53 MP: 4/4
  1651 | D:3      | Reached XP level 6. HP: 46/61 MP: 5/5
  2187 | D:4      | Found a staircase to the Ecumenical Temple.
  2201 | Temple   | Entered the Ecumenical Temple
  2286 | D:4      | Reached skill level 5 in Unarmed Combat
  2334 | D:4      | Found a shimmering altar of Xom.
  2334 | D:4      | Noticed a dream sheep
  2334 | D:4      | Noticed a dream sheep
  2334 | D:4      | Noticed a dream sheep
  2334 | D:4      | Noticed a dream sheep
  2334 | D:4      | Noticed a dream sheep
  2442 | D:4      | Killed a dream sheep
  2443 | D:4      | Killed a dream sheep
  2444 | D:4      | Killed a dream sheep
  2444 | D:4      | Killed a dream sheep
  2445 | D:4      | Killed a dream sheep
  2491 | D:4      | Slain by an ogre

Skill      XL: |  1  2  3  4  5  6 |
---------------+-------------------+-----
Dodging        | 3 4 |  4.2
Fighting       | 3 |  3.2
Unarmed Combat | 4 5 |  5.0
Stealth        | |  1.0

Action                   |  1- 3 |  4- 6 || total
-------------------------+-------+-------++-------
Melee: Unarmed           |   121 |    94 ||   215
       Punch             |     2 |     2 ||     4
 Stab: Sleeping          |     3 |     1 ||     4
  Eat: Chunk             |    10 |    12 ||    22
Armor: Robe              |    66 |    19 ||    85
Dodge: Dodged            |   101 |    41 ||   142
